 Dungeon Crawl Stone Soup version 0.21-a0-508-gf08a75f (webtiles) character file.

37 Dawnplanks the Skirmisher (level 3, -6/29 HPs)
             Began as a Demonspawn Abyssal Knight on Nov 28, 2017.
             Was a Believer of Lugonu.
             Mangled by a worm (8 damage)
             ... on level 1 of the Dungeon.
             The game lasted 00:03:41 (1169 turns).

Dawnplanks the Skirmisher (DsAK)                    Turns: 1169, Time: 00:03:42

Health: -6/29      AC:  6    Str: 12    XL:     3   Next: 21%
Magic:  4/4        EV: 11    Int: 13    God:    Lugonu [**....]
Gold:   49         SH:  0    Dex: 13    Spells: 2/2 levels left

rFire    . . .     SeeInvis .   a - +1 mace
rCold    . . .     Gourm    .   (no shield)
rNeg     . . .     Faith    .   b - +0 leather armour
rPois    .         Spirit   .   (no helmet)
rElec    .         Reflect  .   (no cloak)
rCorr    .         Harm     .   g - +0 pair of gloves
MR       .....                  (no boots)
Stlth    +.........             f - amulet of regeneration
HPRegen  0.49/turn              (no ring)
MPRegen  0.09/turn              (no ring)

@: no status effects
A: molten scales 1
a: Depart the Abyss, Bend Space, Renounce Religion


You were on level 1 of the Dungeon.
You worshipped Lugonu.
Lugonu was pleased with you.
You were hungry.

You visited 1 branch of the dungeon, and saw 2 of its levels.
You visited the Abyss 1 time.

You collected 49 gold pieces.

Inventory:

Hand Weapons
 a - a +1 mace (weapon)
Missiles
 m - 2 steel javelins (quivered)
 q - 27 poisoned needles
Armour
 b - a +0 leather armour (worn)
 g - a +0 pair of gloves (worn)
Jewellery
 f - an amulet of regeneration (around neck)
Scrolls
 h - a scroll of remove curse {unknown}
 j - 2 scrolls of identify {unknown}
 l - a scroll of amnesia {unknown}
 o - a scroll of immolation {unknown}
 p - a scroll of fear {unknown}
Potions
 d - a potion of curing {unknown}
 e - a potion of magic {unknown}
 i - a potion of berserk rage {unknown}
 k - a potion of heal wounds {unknown}
Comestibles
 c - a bread ration
 n - a meat ration


   Skills:
 + Level 3.4 Fighting
 + Level 2.1 Maces & Flails
 + Level 2.3 Armour
 + Level 1.3 Dodging
 + Level 2.5 Invocations


You had 2 spell levels left.
You didn't know any spells.

Dungeon Overview and Level Annotations

Branches:
Dungeon (2/15)

Altars:


Innate Abilities, Weirdness & Mutations

You are partially covered in molten scales. (AC +2)


Message History

* * * LOW HITPOINT WARNING * * *
You closely miss the adder.
The adder is heavily wounded.
The adder barely misses you. The worm closely misses you.
The adder barely misses you.
You closely miss the adder.
The adder is heavily wounded.
The adder bites you but does no damage. The worm barely misses you.
You barely miss the adder.
The adder is heavily wounded.
The adder barely misses you. x2; The worm closely misses you.
You hit the adder.
The adder is severely wounded.
The adder closely misses you. The adder bites you but does no damage.
You hit the adder.
The adder is severely wounded.
The adder bites you.
* * * LOW HITPOINT WARNING * * *
The worm bites you!
You die...

### ### ############.# #.#
.............### #.#
############.#.#########.##
....)......#.#............#
.#########.#.#.#########.##
.#......##.#.#.S@w.......#
.#.####.##.#.##########..#
.#.............# #..#
.#.........#.#.# #..#
.#.####.##.#.#.# #..#
...........#.#.# #..#
.#.###..#..#.#.# #..#
........#..#.#.########..#
.....#..#..#..........#..#


You could see a worm and an adder.

Vanquished Creatures
  An ooze (D:1)
  2 dart slugs (D:1)
  A leopard gecko (D:1)
  2 giant cockroaches (D:1)
  5 goblins (D:1)
  2 hobgoblins (D:1)
  2 kobolds (D:1)
  5 bats (D:1)
  5 frilled lizards (D:1)
  2 rats (D:1)
27 creatures vanquished.

Notes
Turn   | Place    | Note
-------+----------+-------------------------------------------
     0 | Abyss:1  | Dawnplanks the Demonspawn Abyssal Knight began the quest for the Orb.
     0 | Abyss:1  | Reached XP level 1. HP: 18/18 MP: 2/2
    38 | D:1      | Escaped the Abyss
   280 | D:1      | Gained mutation: You are partially covered in molten scales. (AC +2) [demonic ancestry]
   280 | D:1      | Reached XP level 2. HP: 24/24 MP: 3/3
   446 | D:1      | Reached skill level 1 in Dodging
   616 | D:1      | Reached XP level 3. HP: 25/29 MP: 4/4
   664 | D:1      | Reached ** piety under Lugonu
  1169 | D:1      | Mangled by a worm

Vault maps used:
D:1:      grunt_arrival_crossed_arrows, minmay_tall_x
D:2:      first_bread

Skill      XL: |  1  2 |
---------------+-------+-----
Armour         | 2 |  2.3
Maces & Flails | 2 |  2.1
Dodging        | 1 |  1.3
Fighting       | |  3.4
Invocations    | |  2.5

Action                   || total
-------------------------++-------
Melee: Mace              ||   102
Armor: Leather armour    ||    54
Dodge: Dodged            ||    82

Table legend:
 A = Spawn XP
 B = Non-spawn XP
 C = Spawn XP percentage of total XP
 D = Spawn monster count
 E = Non-spawn monster count
 F = Spawn count percentage of total count
 G = Total turns spent on level
                    A         B        C        D         E        F      G
               +---------+---------+-------+---------+---------+-------+---------
         Total |       0 |      53 |   0.0 |       0 |      27 |   0.0 |  1169
               +---------+---------+-------+---------+---------+-------+---------
           D:1 |       0 |      53 |   0.0 |       0 |      27 |   0.0 |  1123
               +---------+---------+-------+---------+---------+-------+---------
